 Dungeon Crawl Stone Soup version 0.31-a0-1068-g5939ac1fb6 (webtiles) character file.

Game seed: 14906111407809853999

129 kae the Firebug (level 4, 0/25 HPs)
             Began as a Deep Elf Fire Elementalist on Nov 23, 2023.
             Slain by a gnoll
             ... wielding a +0 club
              (5 damage)
             ... on level 4 of the Dungeon.
             The game lasted 00:01:48 (2999 turns).

kae the Firebug (Deep Elf Fire Elementalist)        Turns: 2999, Time: 00:01:48

Health: 0/25       AC:  3    Str:  5    XL:     4   Next: 88%
Magic:  3/11       EV: 12    Int: 22    God:
Gold:   154        SH:  0    Dex: 15    Spells: 1/10 levels left

rFire   . . .        (no weapon)
rCold   . . .        (no shield)
rNeg    . . .        d - +0 leather armour
rPois   .            (no helmet)
rElec   .            (no cloak)
rCorr   .            (no gloves)
SInv    .            (no boots)
Will    .....        (no amulet)
Stlth   ++           (no ring)
HPRegen 0.24/turn    (no ring)
MPRegen 0.12/turn

%: no passive effects
@: very slightly contaminated
A: no striking features
a: no special abilities


You were on level 4 of the Dungeon.
You visited 1 branch of the dungeon, and saw 4 of its levels.

You collected 154 gold pieces.


   Skills:
 + Level 1.2 Fighting
 + Level 3.4 Dodging
 - Level 2.4 Stealth
 + Level 3.8 Spellcasting
 + Level 2.2 Conjurations
 * Level 4.4 Fire Magic


You had one spell level left.
You knew the following spells:

 Your Spells              Type           Power      Damage    Failure   Level
a - Foxfire               Conj/Fire      76%        2x1d7     4%          1
b - Scorch                Fire           46%        2d6       4%          2
c - Inner Flame           Hex/Fire       14%        N/A       22%         3
d - Volatile Blastmotes   Fire/Tloc      28%        2d12      22%         3

Your spell library contained the following spells:

 Spells                   Type           Power      Damage    Failure   Level
 Sublimation of Blood     Necr           4%         N/A       28%         2
 Flame Wave               Conj/Fire      19%        2d7       43%         4
 Petrify                  Tmut/Erth      4%         N/A       88%         4
 Irradiate                Conj/Tmut      4%         3d13      97%         5
 Yara's Violent Unravell  Hex/Tmut       2%         3d3       99%         5
 Enfeeble                 Hex            2%         N/A       100%        7

Inventory:

Missiles
 h - 7 boomerangs
 j - 25 stones
 k - 3 poisoned darts
Armour
 d - a +0 leather armour (worn)
   (You found it on level 3 of the Dungeon)
Scrolls
 a - a scroll of revelation
 e - 2 scrolls of blinking {!r}
 o - a scroll of fog
Potions
 b - a potion of magic
 c - a potion of enlightenment {unknown}
 f - a potion of haste {unknown}
 g - 2 potions of invisibility {unknown}
 i - 2 potions of curing {unknown}
 m - a potion of lignification {unknown}
 q - 2 potions of ambrosia {unknown}

Dungeon Overview and Level Annotations

Branches:
Dungeon (4/15) Zot: 20999
 Temple: D:4-7

Altars:

#..... ############ #..... .
########....##....# #.....
..#...........##....# #.)...
#....####.....##....# #.....
###...........##....######
#.....
#.####......##.........###.....
#.# ###......g@................
#.#.........##.ยง.......###.....
#.#.##########.........# ######
#.. #####.....# # ##. #.....# #
#.....# # #.....# # #.....# #
####### ##


You could see a gnoll.


Message History

๐Ÿ˜Ž MP[-1]
You lost 1 mp, and now have 8/11 mp.
q - 2 smoky cyan potions (gained 1);
j - 25 stones (gained 8)
An adder comes into view. ๐Ÿ˜Ž MP[+3]
Your mp is fully restored (11).
Casting: Foxfire (safe; 5% risk of failure)
Confirm with . or Enter, or press ? or * to list all spells.
You conjure some foxfire!
The adder hisses angrily.
You hear a shout!
A gnoll comes into view. It is wielding a +0 club.
The foxfire hits the adder but does no damage.
A gnoll comes into view. It is wielding a +2 vampiric whip.
There are monsters nearby! ๐Ÿ˜Ž MP[-1]
You lost 1 mp, and now have 10/11 mp.
There are monsters nearby!
The foxfire hits the gnoll. ๐Ÿ˜Ž MP[+1]
Your mp is fully restored (11).
Casting: Foxfire (safe; 5% risk of failure)
Confirm with . or Enter, or press ? or * to list all spells.
You conjure some foxfire!
The adder misses you. The adder barely misses you.
The foxfire hits the adder but does no damage. x2
The adder closely misses you. ๐Ÿ˜Ž MP[-1]
You lost 1 mp, and now have 10/11 mp.
Casting: Foxfire (safe; 5% risk of failure)
Confirm with . or Enter, or press ? or * to list all spells.
You conjure some foxfire!
The adder bites you.
The foxfire hits the adder. x2; The adder bites you. ๐Ÿ˜• HP[-4] MP[-1]
You take 4 damage, and now have 21/25 hp.
You lost 1 mp, and now have 9/11 mp.
Casting: Foxfire (safe; 5% risk of failure)
Confirm with . or Enter, or press ? or * to list all spells.
You conjure some foxfire!
The adder barely misses you. The adder bites you.
The foxfire hits the adder.
You kill the adder!
The foxfire hits the gnoll.
A gnoll comes into view.
It is wielding a +0 club. ๐Ÿ˜• HP[-2] MP[-1]
You take 2 damage, and now have 19/25 hp.
You lost 1 mp, and now have 8/11 mp.
Casting: Foxfire (safe; 4% risk of failure)
Confirm with . or Enter, or press ? or * to list all spells.
You conjure some foxfire!
The gnoll shouts!
The gnoll barely misses you.
The foxfire hits the gnoll. x2; The gnoll hits you but does no damage.
Casting: Foxfire (safe; 4% risk of failure)
Confirm with . or Enter, or press ? or * to list all spells.
You conjure some foxfire!
The gnoll hits you with a +0 club.
The foxfire hits the gnoll but does no damage.
The foxfire hits the gnoll.
You kill the gnoll! ๐Ÿ˜ฎ HP[-2] MP[-1]
You take 2 damage, and now have 17/25 hp.
You lost 1 mp, and now have 7/11 mp.
Casting: Foxfire (safe; 4% risk of failure)
Confirm with . or Enter, or press ? or * to list all spells.
You conjure some foxfire!
The gnoll hits you with a +2 vampiric whip.
The foxfire hits the gnoll. x2; The gnoll closely misses you. ๐Ÿ˜ฎ HP[-2] MP[-1]
You take 2 damage, and now have 15/25 hp.
You lost 1 mp, and now have 6/11 mp.
Casting: Foxfire (safe; 4% risk of failure)
Confirm with . or Enter, or press ? or * to list all spells.
You miscast Foxfire.
You are very lightly contaminated with residual magic.
Nothing appears to happen.
The gnoll hits you with a +2 vampiric whip. ๐Ÿ˜ฎ HP[-1] MP[-1]
You take 1 damage, and now have 14/25 hp.
You lost 1 mp, and now have 5/11 mp.
Casting: Foxfire (safe; 4% risk of failure)
Confirm with . or Enter, or press ? or * to list all spells.
You conjure some foxfire!
The gnoll hits you but does no damage.
The foxfire hits the gnoll. x2
You kill the gnoll! ๐Ÿ˜ฎ HP[+1] MP[-1]
You lost 1 mp, and now have 4/11 mp.
Unknown command.
Casting: Foxfire (safe; 4% risk of failure)
Confirm with . or Enter, or press ? or * to list all spells.
You conjure some foxfire!
The gnoll hits you with a +0 club.
* * * LOW HITPOINT WARNING * * *
The foxfire hits the gnoll.
The foxfire hits the gnoll but does no damage.
The gnoll closely misses you. ๐Ÿ˜จ HP[-4]
You take 4 damage, and now have 11/25 hp.
Unknown command.
Casting: Foxfire (safe; 4% risk of failure)
Confirm with . or Enter, or press ? or * to list all spells.
You conjure some foxfire!
The gnoll hits you with a +0 club!
* * * LOW HITPOINT WARNING * * *
The foxfire hits the gnoll. x2; The gnoll hits you with a +0 club.
You die...

Skill      XL: |  1  2  3  4 |
---------------+-------------+-----
Dodging        | 3 |  3.4
Fire Magic     | 4 |  4.4
Fighting       | 1 |  1.2
Conjurations   | 2 |  2.2
Stealth        | |  2.4
Spellcasting   | |  3.8

Action                     |  1- 3 |  4- 6 || total
---------------------------+-------+-------++-------
   Cast: Foxfire           |    79 |    31 ||   110
         Scorch            |     3 |     3 ||     6
    Use: Scroll            |       |     9 ||     9
 Armour: Robe              |     4 |       ||     4
         Leather armour    |       |    11 ||    11
  Dodge: Dodged            |     9 |     9 ||    18

Levels and vault maps discovered:
D:1:      zelgadis_glass_arrival_small, layout_basic, serial_glass,
          glass_columns_c, glass_columns_a
D:2:      layout_basic, hellmonk_ecumenical_altar_crossroads
D:3:      layout_basic, chequers_serial_rivers_micro_a, hex_intersection
D:4:      layout_basic, serial_shops, shop, shop, shop, uniq_ijyb

Notes
Turn   | Place    | Note
-------+----------+-------------------------------------------
     0 | D:1      | kae the Deep Elf Fire Elementalist began the quest for the
                  | Orb.
     0 | D:1      | Reached XP level 1. HP: 10/10 MP: 6/6
     0 | D:1      | magus.rc [v1.11.3]
   178 | D:1      | Reached XP level 2. HP: 15/15 MP: 6/8
   842 | D:1      | Learned a level 2 spell: Scorch
  1032 | D:2      | Reached XP level 3. HP: 20/20 MP: 3/9
  1080 | D:2      | Identified the +8 quarterstaff of Sufoit {drain, rElec
                  | Will++ rCorr Int+2}
  1114 | D:2      | Reached skill level 3 in Dodging
  1230 | D:2      | You pick up a book of Alchemy and begin reading...
  1230 | D:2      | You add the spells Sublimation of Blood, Petrify and
                  | Irradiate to your library.
  1281 | D:2      | Found a faded altar of an unknown god.
  1343 | D:2      | Reached skill level 4 in Fire Magic
  1578 | D:2      | Reached XP level 4. HP: 24/24 MP: 9/11
  1848 | D:2      | Reached skill level 1 in Fighting
  1943 | D:3      | Learned a level 3 spell: Inner Flame
  1947 | D:3      | Learned a level 3 spell: Volatile Blastmotes
  2050 | D:3      | Reached skill level 2 in Conjurations
  2246 | D:3      | You pick up a book of Misfortune and begin reading...
  2246 | D:3      | You add the spells Yara's Violent Unravelling and Enfeeble
                  | to your library.
  2998 | D:4      | HP: 5/25 [gnoll/+0 club (7)]
  2999 | D:4      | Slain by a gnoll

Vanquished Creatures
  2 gnolls (D:4)
  5 adders
  3 worms (D:2)
  An orc (D:3)
  4 ball pythons
  11 endoplasms
  A giant cockroach (D:2)
  3 goblins
  5 hobgoblins
  2 jackals (D:1)
  2 quokkas
  5 bats
  6 frilled lizards
  2 kobolds (D:2)
  A rat (D:1)
53 creatures vanquished.

Vanquished Creatures (others)
  193 foxfires
193 creatures vanquished.

Grand Total: 246 creatures vanquished

Table legend:
 A = Non-vault XP
 B = Vault XP
 C = Vault XP percentage of total XP
 D = Non-vault monster count
 E = Vault monster count
 F = Vault count percentage of total count
                 A         B        C        D         E       F
            +---------+---------+-------+---------+---------+-------
      Total |     185 |       0 |   0.0 |      53 |       0 |   0.0
            +---------+---------+-------+---------+---------+-------
        D:1 |      38 |       0 |   0.0 |      22 |       0 |   0.0
        D:2 |      61 |       0 |   0.0 |      16 |       0 |   0.0
        D:3 |      28 |       0 |   0.0 |      10 |       0 |   0.0
        D:4 |      58 |       0 |   0.0 |       5 |       0 |   0.0
            +---------+---------+-------+---------+---------+-------

Skill      XL: |  1  2  3  4 |
---------------+-------------+-----
Dodging        | 3 |  3.4
Fire Magic     | 4 |  4.4
Fighting       | 1 |  1.2
Conjurations   | 2 |  2.2
Stealth        | |  2.4
Spellcasting   | |  3.8

Action                     |  1- 3 |  4- 6 || total
---------------------------+-------+-------++-------
   Cast: Foxfire           |    79 |    31 ||   110
         Scorch            |     3 |     3 ||     6
    Use: Scroll            |       |     9 ||     9
 Armour: Robe              |     4 |       ||     4
         Leather armour    |       |    11 ||    11
  Dodge: Dodged            |     9 |     9 ||    18

Illustrated notes

Table legend:
 A = Kills in this place as a percentage of kills in the entire game.
 B = Kills by you in this place as a percentage of kills by you in the entire game.
 C = Kills by friends in this place as a percentage of kills by friends in the entire game.
 D = Other kills in this place as a percentage of other kills in the entire game.
 E = Experience gained in this place as a percentage of experience gained in the entire game.
 F = Experience gained in this place divided by the number of levels of this place that you have seen.
                   A       B       C       D       E      F
               +-------+-------+-------+-------+-------+----------------------
         Total | 100.0 | 100.0 |   N/A |   N/A | 100.0 |  46.2
       Dungeon | 100.0 | 100.0 |   N/A |   N/A | 100.0 |  46.2
               +-------+-------+-------+-------+-------+----------------------

Table legend: (Time is in decaauts)
 A = Elapsed time spent in this place.
 B = Non-inter-level travel time spent in this place.
 C = Inter-level travel time spent in this place.
 D = Time resting spent in this place.
 E = Time spent auto-exploring this place.
 F = Levels seen in this place.
 G = Mean time per level.
                   A        B        C        D        E       F      G
               +--------+--------+--------+--------+--------+-----+--------+
         Total |   2999 |   2892 |    107 |      7 |   2464 |   4 |  749.8 |
       Dungeon |   2999 |   2892 |    107 |      7 |   2464 |   4 |  749.8 |
               +--------+--------+--------+--------+--------+-----+--------+

Top non-repeatable levels by time:
     D:2: 1038 daAuts
     D:1: 902 daAuts
     D:3: 863 daAuts
     D:4: 195 daAuts
